 Dungeon Crawl Stone Soup version 0.18-a0-1639-g7533f42 (webtiles) character file.

122 syage the Skirmisher (level 5, 0/46 HPs)
             Began as a Hill Orc Fighter on Mar 27, 2016.
             Slain by namelastname112's ghost (5 damage)
             ... in a sewer.
             The game lasted 00:05:16 (2256 turns).

syage the Skirmisher (Hill Orc Fighter)             Turns: 2256, Time: 00:05:17

Health: 0/46       AC:  7    Str: 20    XL:     5   Next: 6%
Magic:  5/5        EV:  7    Int:  8    God:
Gold:   145        SH:  9    Dex: 10    Spells: 0 memorised, 4 levels left

rFire  . . .     SeeInvis .     a - +0 war axe
rCold  . . .     Gourm    .     j - +0 scale mail (curse)
rNeg   . . .     Faith    .     c - +0 shield
rPois  .         Spirit   .     (no helmet)
rElec  .         Dismiss  .     (no cloak)
rCorr  .         Reflect  .     (no gloves)
SustAt .         Harm     .     (no boots)
MR     .....                    (no amulet)
Stlth  ..........               (no ring)
                                (no ring)

@: not resistant to hostile enchantments, extremely unstealthy
A: no striking features
a: no special abilities


You were in a sewer.
You were hungry.

You visited 1 branch of the dungeon, and saw 3 of its levels.
You also visited: Sewer.

You collected 145 gold pieces.

Inventory:

Hand Weapons
 a - a +0 war axe (weapon)
 k - a +1 vampiric dagger
Armour
 b - a +0 scale mail
 c - a +0 shield (worn)
 j - a cursed +0 scale mail (worn)
Scrolls
 e - a scroll of blinking {unknown}
 h - 2 scrolls of teleportation {unknown}
 i - a scroll of amnesia {unknown}
 l - 2 scrolls of identify {unknown}
 p - a scroll of fog {unknown}
Potions
 d - 2 potions of might
 m - 2 potions of agility {unknown}
 n - 2 potions of curing {unknown}
 q - a potion of heal wounds {unknown}
 r - a potion of degeneration {unknown}
Comestibles
 f - 3 bread rations
 g - a beef jerky
 o - a meat ration
 s - 3 chunks of flesh


   Skills:
 + Level 4.2 Fighting
 + Level 3.7 Axes
 + Level 4.1 Armour
 + Level 1.1 Dodging
 + Level 0.3 Stealth
 + Level 4.1 Shields


You had 4 spell levels left.
You didn't know any spells.

Dungeon Overview and Level Annotations

Branches:
Dungeon (3/15)

Altars:
Cheibriados
Fedhas

Annotations:
Sewer namelastname112's ghost, amateur DrMo


Message History

* * * LOW HITPOINT WARNING * * *
You hit namelastname112's ghost.
Namelastname112's ghost is almost destroyed.
You block namelastname112's ghost's attack.
You closely miss namelastname112's ghost.
Namelastname112's ghost is almost destroyed.
You block namelastname112's ghost's attack.
Namelastname112's ghost hits you but does no damage.
You barely miss namelastname112's ghost.
Namelastname112's ghost is almost destroyed.
Namelastname112's ghost hits you but does no damage.
You barely miss namelastname112's ghost.
Namelastname112's ghost is almost destroyed.
Namelastname112's ghost barely misses you.
You closely miss namelastname112's ghost.
Namelastname112's ghost is almost destroyed.
Namelastname112's ghost hits you.
* * * LOW HITPOINT WARNING * * *
Namelastname112's ghost hits you.
You die...

##########
##....≈≈≈≈≈
#.....≈≈≈≈≈
#..∩..≈≈≈≈≈
#..@..≈≈≈≈≈
#..W..≈≈≈≈≈
##....≈≈≈≈≈
##########


You could see namelastname112's ghost.

Vanquished Creatures
  Terence (D:3)
  4 adders
  2 worms (D:2)
  A dart slug (D:1)
  2 giant geckos
  7 giant cockroaches
  8 goblins
  3 hobgoblins (D:1)
  3 jackals (D:1)
  3 bats (D:2)
  A giant newt (D:1)
  7 kobolds
  8 rats
50 creatures vanquished.

Notes
Turn   | Place    | Note
--------------------------------------------------------------
     0 | D:1      | syage the Hill Orc Fighter began the quest for the Orb.
     0 | D:1      | Reached XP level 1. HP: 19/19 MP: 1/1
    63 | D:1      | Reached XP level 2. HP: 12/27 MP: 2/2
   415 | D:1      | Reached XP level 3. HP: 29/33 MP: 3/3
  1163 | D:2      | Found a blossoming altar of Fedhas.
  1203 | D:2      | Found a faded altar to an unknown god.
  1210 | D:2      | Reached XP level 4. HP: 16/40 MP: 4/4
  1229 | D:2      | HP: 2/40 [poisoned by an adder]
  1724 | D:2      | Found a snail-covered altar of Cheibriados.
  2026 | D:3      | Noticed Terence
  2034 | D:3      | Killed Terence
  2034 | D:3      | Reached skill level 1 in Dodging
  2088 | D:3      | Reached XP level 5. HP: 35/46 MP: 5/5
  2094 | D:3      | Found a glowing drain.
  2223 | Sewer    | Entered a sewer
  2223 | Sewer    | Noticed namelastname112's ghost (amateur DrMo)
  2256 | Sewer    | Slain by namelastname112's ghost

Vault maps used:
D:1:      sevenhm_arrival_forest_fort_small_4, roderic_lattice_a
D:2:      marbit_many_paths, fedhas_altar_1, ecumenical_altar_2
D:3:      lightli_temple_of_fire, portal_sewer_entry_b,
          yredelemnul_altar_generic, uniq_sigmund, uniq_terence
Sewer:    sewer_minmay_w

Skill      XL: |  1  2  3  4 |
---------------+-------------+-----
Fighting       | 4 |  4.2
Axes           | 3 |  3.7
Armour         | 4 |  4.1
Shields        | 4 |  4.1
Dodging        | 1 |  1.1
Stealth        | |  0.3

Action                   |  1- 3 |  4- 6 || total
-------------------------+-------+-------++-------
Melee: War axe           |   121 |    95 ||   216
  Eat: Chunk             |     1 |     3 ||     4
